 Dungeon Crawl Stone Soup version 0.18.1-50-g88ac8fd (webtiles) character file.

67 pichaelthompson the Chucker (level 3, 0/35 HPs)
             Began as a Troll Hunter on Oct 31, 2016.
             Slain by a gnoll
             ... wielding a +0 halberd
              (7 damage)
             ... on level 2 of the Dungeon.
             The game lasted 00:07:44 (1598 turns).

pichaelthompson the Chucker (Troll Hunter)          Turns: 1598, Time: 00:07:44

Health: 0/35       AC:  6    Str: 21    XL:     3   Next: 98%
Magic:  2/2        EV: 10    Int:  7    God:
Gold:   108        SH:  0    Dex: 13    Spells: 0 memorised, 2 levels left

rFire  . . .     SeeInvis .     a - +0 short sword
rCold  + . .     Gourm    +     b - +0 robe
rNeg   . . .     Faith    .     (no shield)
rPois  .         Spirit   .     (helmet restricted)
rElec  .         Dismiss  .     o - +0 cloak
rCorr  .         Reflect  .     (gloves unavailable)
SustAt .         Harm     .     (boots unavailable)
MR     .....                    (no amulet)
Stlth  +.........               m - ring of protection from cold
                                h - +3 ring of dexterity

@: not resistant to hostile enchantments, very unstealthy
A: unfitting armour, claws 3, fast metabolism 3, gourmand, regeneration 2,
shaggy fur 1, tough skin 2
a: no special abilities


You were on level 2 of the Dungeon.
You were hungry.

You visited 1 branch of the dungeon, and saw 2 of its levels.

You collected 108 gold pieces.

Inventory:

Hand Weapons
 a - a +0 short sword (weapon)
Missiles
 d - a throwing net (quivered)
Armour
 b - a +0 robe (worn)
 o - a +0 cloak (worn)
Jewellery
 h - a +3 ring of dexterity (left claw)
 m - a ring of protection from cold (right claw)
Scrolls
 e - a scroll of identify {unknown}
 l - a scroll of fog {unknown}
Potions
 i - 2 potions of curing {unknown}
 j - a potion of brilliance
 k - a potion of haste {unknown}
 n - a potion of lignification {unknown}
Comestibles
 f - a bread ration
 g - a slice of pizza


   Skills:
 + Level 1.7 Fighting
 + Level 0.5 Short Blades
 + Level 4.3 Throwing
 + Level 2.4 Dodging
 - Level 0.4 Stealth


You had 2 spell levels left.
You didn't know any spells.

Dungeon Overview and Level Annotations

Branches:
Dungeon (2/15)

Altars:


Innate Abilities, Weirdness & Mutations

You are too large for most types of armour.
You have claws for hands.
Your metabolism is lightning-fast.
You like to eat raw meat.
You heal very quickly.
You are covered in fur (AC +1).
You have very tough skin (AC +2).


Message History

You throw a large rock. The large rock hits the gnoll!
The gnoll is severely wounded.
The gnoll hits you from afar with a halberd.
* * * LOW HITPOINT WARNING * * *
Throwing (i - inventory):
d - 2 throwing nets (quivered)
Press: ? - help, Shift-Dir - straight line, f/p - gnoll
Aim: a gnoll, wielding a halberd (severely wounded)
You throw a throwing net. The throwing net hits the gnoll.
The gnoll is caught in the net!
The gnoll is severely wounded.
The gnoll struggles against the net.
The gnoll closely misses you.
The gnoll struggles against the net.
You see here 2 large rocks.
You hit the gnoll.
The gnoll is almost dead.
The gnoll struggles against the net.
The gnoll hits you but does no damage.
You puncture the gnoll!
You kill the gnoll!
The gnoll hits you from afar with a halberd!
You die...

.#. #.# ...
#.# #.. #.#
#.. #s# #..
#g# #.. #)#
#.. #@# #.(
#.# #..
#.#########
#.#
#....>....#
#.#
#########.#
#.# #.# #.#
#.# #.#
#.######..
#.....†...


You could see a gnoll and a giant cockroach.

Vanquished Creatures
  3 gnolls (D:2)
  An ooze (D:1)
  A worm (D:2)
  5 goblins
  3 hobgoblins
  7 jackals (D:2)
  4 kobolds
  2 bats
  A giant newt (D:1)
  4 rats
31 creatures vanquished.

Notes
Turn   | Place    | Note
--------------------------------------------------------------
     0 | D:1      | pichaelthompson the Troll Hunter began the quest for the Orb.
     0 | D:1      | Reached XP level 1. HP: 19/19 MP: 0/0
   642 | D:1      | Reached skill level 4 in Throwing
   642 | D:1      | Reached XP level 2. HP: 27/27 MP: 1/1
  1394 | D:2      | Reached XP level 3. HP: 24/33 MP: 2/2
  1598 | D:2      | Slain by a gnoll

Skill      XL: |  1  2  3 |
---------------+----------+-----
Throwing       | 4 |  4.3
Dodging        | 2 |  2.4
Fighting       | |  1.7
Short Blades   | |  0.5
Stealth        | |  0.4

Action                   || total
-------------------------++-------
Melee: Short sword       ||   139
Throw: Large rock        ||    12
       Throwing net      ||     1
  Use: Potion            ||     1
  Eat: Bread ration      ||     1
       Meat ration       ||     1
       Chunk             ||     2
Armor: Robe              ||    46
Dodge: Dodged            ||    92
